 Dungeon Crawl Stone Soup version 0.30.0-17-ge0270778cf (webtiles) character file.

Game seed: 2064629602154417783

3631 SnakkuSnakku7 the Basher (level 9, -7/75 HPs)
             Began as an Armataur Artificer on May 21, 2023.
             Mangled by an orc wizard
             ... wielding a +2 dagger of electrocution
              (19 damage)
             ... on level 8 of the Dungeon.
             The game lasted 00:08:33 (6896 turns).

SnakkuSnakku7 the Basher (Armataur Artificer)       Turns: 6896, Time: 00:08:34

Health: -7/75      AC: 16    Str: 21    XL:     9   Next: 87%
Magic:  9/9        EV:  1    Int: 12    God:
Gold:   356        SH:  0    Dex: 16    Spells: 8/8 levels left

rFire   + . .        a - +4 dire flail
rCold   + + .        (shield currently unavailable)
rNeg    + . .        p - +3 gold dragon scales
rPois   +            r - +0 helmet
rElec   .            B - +1 cloak
rCorr   .            (no gloves)
SInv    .            (no barding)
Will    .....        (no amulet) Stlth
                     C - ring "Aryust" {Contam rC+ rN+ Dex+5}
HPRegen 0.32/turn    (no ring)
MPRegen 0.11/turn

%: roll
@: no status effects
A: large, rugged brown scales 3, deformed body, armoured tail, roll, long
tongue, awkward tongue
a: no special abilities


You were on level 8 of the Dungeon.
You visited 2 branches of the dungeon, and saw 9 of its levels.

You collected 438 gold pieces.
You spent 82 gold pieces at shops.

Inventory:

Hand Weapons
 a - a +4 dire flail (weapon)
 e - a +0 flail
 l - a +0 club
 D - a +0 mace
Missiles
 i - 2 curare-tipped darts (quivered)
Armour
 p - +3 gold dragon scales (worn)
 r - a +0 helmet (worn)
 y - a +2 robe
 B - a +1 cloak (worn)
Jewellery
 j - an amulet of magic regeneration
 C - the ring "Aryust" (left hand) {Contam rC+ rN+ Dex+5}
   (You found it on level 5 of the Dungeon)

   [ring of positive energy]

   Dex:       It affects your dexterity (+5).
   rC:        It protects you from cold.
   rN:        It protects you from negative energy.
   Contam:    It causes magical contamination when unequipped.
Wands
 c - a wand of flame (14)
 d - a wand of charming (15)
 w - a wand of digging (6)
 A - a wand of polymorph (16)
 F - a wand of roots (3)
Scrolls
 g - 4 scrolls of teleportation
 h - 3 scrolls of fog {unknown}
 k - a scroll of noise {unknown}
 m - a scroll of poison {unknown}
 n - 4 scrolls of vulnerability
 s - a scroll of acquirement {unknown}
 t - a scroll of amnesia {unknown}
 u - a scroll of enchant weapon {unknown}
 v - a scroll of torment {unknown}
 H - a scroll of summoning {unknown}
Potions
 b - 4 potions of heal wounds {unknown}
 f - 2 potions of cancellation
 o - 2 potions of haste {unknown}
 q - a potion of lignification {unknown}
 z - 2 potions of might {unknown}
 E - 2 potions of brilliance
 G - a potion of mutation {unknown}


   Skills:
 - Level 4.0 Fighting
 + Level 12.2 Maces & Flails
 - Level 2.4 Armour
 - Level 0.6 Dodging
 - Level 1.1 Stealth
 - Level 3.0 Evocations


You had 8 spell levels left.
You didn't know any spells.
Your spell library contained the following spells:

 Spells                   Type           Power      Damage    Failure   Level
 Ensorcelled Hibernation  Hex/Ice        0%         N/A       100%        2
 Passwall                 Tmut/Erth      0%         N/A       100%        2
 Sublimation of Blood     Necr           0%         N/A       100%        2
 Wereblood                Tmut           0%         N/A       100%        2
 Hailstorm                Conj/Ice       0%         3d3       100%        3
 Swiftness                Air            0%         N/A       100%        3
 Ice Form                 Ice/Tmut       0%         N/A       100%        4
 Manifold Assault         Tloc           0%         N/A       100%        4
 Iskenderun's Battlesphe  Conj           0%         2d6       100%        5
 Dispersal                Tloc           0%         N/A       100%        6
 Iron Shot                Conj/Erth      0%         9d1       100%        6
 Simulacrum               Ice/Necr       0%         N/A       100%        6
 Spellforged Servitor     Conj/Summ      0%         N/A       100%        7
 Summon Hydra             Summ           0%         N/A       100%        7
 Disjunction              Tloc           0%         N/A       100%        8


Dungeon Overview and Level Annotations

Branches:
Dungeon (8/15)             Temple (1/1) D:4            Lair (0/5) D:8

Altars:
Ashenzari
Cheibriados
Dithmenos
Elyvilon
Fedhas
Hepliaklqana
Kikubaaqudgha
Makhleb
Nemelex Xobeh
Okawaru
Qazlal
Ru
Sif Muna
Trog
Uskayaw
Vehumet
Wu Jian
Xom
Yredelemnul
Zin
The Shining One

Shops:
D:8 ?

Annotations:
D:6 3 runed translucent doors, Sanktem7's ghost, novice MiFi; Valagong's ghost, novice DsCj; Valagong's ghost, novice MiNe


Innate Abilities, Weirdness & Mutations

You are completely covered in rugged brown scales. (AC +3, +7% HP)
Armour fits poorly on your strangely shaped body.
You have a long armoured tail.
You roll when moving toward enemies. (Rampage)
Your long tongue fully drains potion bottles. (2x potion effects)
Your tongue gives you trouble enunciating. (1.5x scroll delay)


Message History

The warg struggles to escape constriction.
The warg bites you but does no damage.
The warg struggles to escape constriction.
Unknown command.
Unknown command.
You bludgeon the warg!!
You kill the warg!
The grasping roots constrict the warg.
The warg escapes!
Unknown command.
You barely miss the warg.
The warg is heavily wounded.
The warg bites you.
Unknown command.
Aiming: Fastroot
Press: ? - help, Shift-Dir - straight line The roots erupt in riotous growth!
Roots grab the warg.
The grasping roots constrict the warg.
You hear a shout!
Something hits you but does no damage. The warg bites you.
* * * LOW HITPOINT WARNING * * *
Unknown command.
You barely miss the warg.
The warg is heavily wounded.
The grasping roots constrict the warg.
You hear some strange, mumbled words.
A magic dart appears from out of thin air!
The magic dart hits you but does no damage.
The warg bites you but does no damage.
You hit the warg but do no damage.
The warg is severely wounded.
The grasping roots constrict the warg!
The roots release their grip on the warg.
Something hits you.
* * * LOW HITPOINT WARNING * * *
The warg bites you but does no damage.
You barely miss the warg.
The warg is almost dead.
Something hits you but does no damage.
You are electrocuted!!
You die...

..o.........#
#.......# #..h....#
##.....## ## ##...##
##.########..## ###
#)....#.....## #.##
#.......h{###
#..#####........@#
##.....##......).##
.#####..#####.....##
..## #..# ##.)##..##
...###..#
##..####..#
##.....####).## #..#
##########..## ##.##
### #.)## ##.## ..##
##.## ##.##


You could see a warg.

Vanquished Creatures
  Pikel (D:4)
  Eustachio (D:6)
  2 wargs (D:8)
  A sky beast (D:7)
  2 ice beasts
  An orc warrior (D:8)
  3 black bears
  3 ogres
  2 centaurs (D:7)
  A lemure (D:4)
  A phantom (D:6)
  A kobold brigand (D:8)
  2 bullfrogs
  2 scorpions
  4 wights (D:8)
  4 killer bees (D:6)
  4 howler monkeys (D:7)
  A gnoll bouda (D:7)
  4 hounds
  An orc priest (D:8)
  A jelly (D:5)
  Crazy Yiuf (D:4)
  A sleepcap (D:6)
  Jessica (D:3)
  Ijyb (D:5)
  3 iguanas
  5 orc wizards
  12 gnolls
  8 adders
  A shadow imp (D:6)
  A white imp (D:7)
  2 worms (D:2)
  16 orcs
  6 bats
  7 endoplasms
  4 giant cockroaches
  3 goblins
  5 hobgoblins
  6 jackals
  2 quokkas (D:1)
  6 ball pythons
  2 frilled lizards (D:3)
  8 kobolds
  2 rats (D:1)
145 creatures vanquished.

Notes
Turn   | Place    | Note
-------+----------+-------------------------------------------
     0 | D:1      | SnakkuSnakku7 the Armataur Artificer began the quest for
                  | the Orb.
     0 | D:1      | Reached XP level 1. HP: 16/16 MP: 1/1
    80 | D:1      | Reached skill level 1 in Fighting
   257 | D:1      | Reached XP level 2. HP: 14/25 MP: 2/2
   582 | D:2      | Reached XP level 3. HP: 28/32 MP: 3/3
   626 | D:2      | Reached skill level 1 in Maces & Flails
  1075 | D:2      | Reached XP level 4. HP: 40/40 MP: 4/4
  1303 | D:3      | Noticed a bullfrog
  1311 | D:3      | Killed a bullfrog
  1312 | D:3      | Reached skill level 2 in Maces & Flails
  1322 | D:3      | Reached XP level 5. HP: 34/48 MP: 5/5
  1382 | D:3      | Found a faded altar of an unknown god.
  1532 | D:3      | Found a broken altar of Ashenzari.
  1536 | D:3      | Noticed Jessica
  1541 | D:3      | Killed Jessica
  1645 | D:3      | Reached skill level 3 in Maces & Flails
  1730 | D:3      | Reached XP level 6. HP: 32/55 MP: 6/6
  1888 | D:4      | Noticed Pikel
  1955 | D:4      | You fall into a shaft and drop 2 floors!
  1971 | D:6      | Reached skill level 4 in Maces & Flails
  1980 | D:5      | Entered Level 5 of the Dungeon
  2026 | D:5      | Noticed Ijyb
  2063 | D:5      | Killed Ijyb
  2249 | D:5      | Reached skill level 5 in Maces & Flails
  2272 | D:4      | Found a staircase to the Ecumenical Temple.
  2320 | D:4      | Reached XP level 7. HP: 60/63 MP: 7/7
  2351 | D:4      | Killed Pikel
  2352 | D:4      | Reached skill level 7 in Maces & Flails
  2352 | D:4      | Reached XP level 8. HP: 41/70 MP: 8/8
  2380 | Temple   | Entered the Ecumenical Temple
  2852 | D:4      | Reached skill level 8 in Maces & Flails
  2863 | D:4      | Found the +7 Throatcutter {drain, coup de grace}
  3067 | D:4      | Found a runed translucent door.
  3068 | D:4      | Noticed Crazy Yiuf
  3074 | D:4      | Killed Crazy Yiuf
  3149 | D:5      | Identified the ring "Aryust" {Contam rC+ rN+ Dex+5}
  3406 | D:5      | Reached skill level 9 in Maces & Flails
  4181 | D:6      | Reached skill level 10 in Maces & Flails
  4181 | D:6      | Reached XP level 9. HP: 75/75 MP: 9/9
  4324 | D:6      | Noticed Eustachio
  4371 | D:6      | Killed Eustachio
  4419 | D:6      | Found a runed translucent gate.
  4419 | D:6      | Found a runed translucent gate.
  4420 | D:6      | Found a runed translucent gate.
  4423 | D:6      | Noticed Valagong's ghost (novice DsCj)
  4423 | D:6      | Noticed Valagong's ghost (novice MiNe)
  4423 | D:6      | Noticed Sanktem7's ghost (novice MiFi)
  4891 | D:7      | Found a glowing golden altar of the Shining One.
  4994 | D:7      | Reached skill level 11 in Maces & Flails
  6303 | D:8      | Found Reyxunt's Magic Scroll Emporium.
  6311 | D:8      | Bought a scroll of enchant armour for 82 gold pieces
  6329 | D:8      | Found a shimmering blue altar of Sif Muna.
  6329 | D:8      | Found a shimmering altar of Xom.
  6519 | D:8      | HP: 2/75 [warg (8)]
  6540 | D:8      | Reached skill level 12 in Maces & Flails
  6874 | D:8      | Found a staircase to the Lair.
  6896 | D:8      | Mangled by an orc wizard

Illustrated notes

Levels and vault maps discovered:
D:1:      psy_arrival_radial02, layout_rooms
D:2:      layout_basic, feat_on_display
D:3:      layout_loops_ring, ashenzari_altar_1,
          shapermc_ecumenical_altar_starsandcircs,
          chequers_serial_rivers_micro_e, uniq_jessica
D:4:      layout_cave_pools, temple_statues, uniq_pikel, uniq_crazy_yiuf_cottage
D:5:      minmay_skewed_foursquare, layout_basic, abandoned_shop, uniq_ijyb
D:6:      layout_loops_ring, gammafunk_ghost_cemetery, abandoned_shop,
          minivault_19, minmay_misc_feat_pillars, uniq_eustachio
D:7:      layout_layer_cave, lemuel_doored_altar
D:8:      layout_layer_cave, gammafunk_temple_overflow_pools,
          erik_lair_orcish_takeover, serial_shops, shop
Temple:   minmay_temple_bridge_d

Skill      XL: |  1  2  3  4  5  6  7  8  9 |
---------------+----------------------------+-----
Fighting       | 1 2 3 4 |  4.0
Maces & Flails | 1 2 3 5 7 10 12 | 12.2
Armour         | |  2.4
Dodging        | |  0.6
Stealth        | |  1.1
Evocations     | |  3.0

Action                     |  1- 3 |  4- 6 |  7- 9 || total
---------------------------+-------+-------+-------++-------
  Melee: Club              |    36 |       |       ||    36
         Tailslap          |    10 |    18 |    51 ||    79
         Mace              |    70 |   119 |    58 ||   247
         Flail             |       |       |   268 ||   268
         Punch             |       |       |     2 ||     2
         Dire flail        |       |       |    34 ||    34
         Unarmed           |       |       |     1 ||     1
  Throw: Dart              |       |     4 |     7 ||    11
  Evoke: Wand              |       |     2 |     9 ||    11
    Use: Scroll            |     1 |       |     7 ||     8
         Potion            |       |       |     2 ||     2
 Armour: Leather armour    |    59 |       |       ||    59
         Ring mail         |    15 |       |       ||    15
         Gold dragon scale |    18 |   120 |   267 ||   405
  Dodge: Dodged            |    65 |     5 |    16 ||    86
